 Dungeon Crawl Stone Soup version 0.17-a0-1497-g03599f7 (webtiles) character file.

71 urechis the Twirler (level 4, 22/38 HPs)
             Began as a Minotaur Gladiator on July 6, 2015.
             Quit the game on level 2 of the Dungeon.
             The game lasted 00:01:56 (1398 turns).

urechis the Twirler (Minotaur Gladiator)            Turns: 1398, Time: 00:01:56

Health: 22/38      AC:  3    Str: 20    XL:     4   Next: 5%
Magic:  3/3        EV: 12    Int:  5    God:
Gold:   72         SH:  0    Dex: 11    Spells: 0 memorised, 3 levels left

rFire  . . .     SeeInvis .     a - +0 quarterstaff
rCold  . . .     Clarity  .     b - +0 leather armour
rNeg   . . .     SustAt   .     (no shield)
rPois  .         Gourm    .     c - +0 hat
rElec  .         Spirit   .     (no cloak)
rCorr  .         Warding  .     (no gloves)
rMut   .         Stasis   .     (no boots)
MR     .....                    (no amulet)
Stlth  +.........               (no ring)
                                (no ring)

@: not resistant to hostile enchantments, very unstealthy
A: retaliatory headbutt, horns 2
a: no special abilities


You were on level 2 of the Dungeon.
You were near starving.

You visited 1 branch of the dungeon, and saw 3 of its levels.

You collected 72 gold pieces.

Inventory:

Hand weapons
 a - a +0 quarterstaff (weapon)
Missiles
 d - 3 throwing nets (quivered)
Armour
 b - a +0 leather armour (worn)
 c - a +0 hat (worn)
Scrolls
 f - a scroll of magic mapping {unknown}
 h - a scroll of random uselessness {unknown}
 i - a scroll of immolation {unknown}
 j - a scroll of identify {unknown}
Potions
 g - a potion of curing {unknown}
Comestibles
 e - a bread ration


   Skills:
 + Level 3.4 Fighting
 * Level 5.4 Staves
 - Level 2.0 Throwing
 - Level 3.2 Dodging


You had 3 spell levels left.
You didn't know any spells.

Dungeon Overview and Level Annotations

Branches:
Dungeon (3/15)

Altars:
Trog

Annotations:
D:3 mrath's ghost, average MfGl


Innate Abilities, Weirdness & Mutations

You reflexively headbutt those who attack you in melee.
You have a pair of horns on your head.


Message History

A worm comes into view.
A worm is nearby!
You hit the worm.
The worm is lightly wounded.
The worm bites you.
You barely miss the worm. You headbutt the worm.
The worm is moderately wounded.
You sock the worm!
The worm is severely wounded.
The worm barely misses you.
You barely miss the worm.
The worm is severely wounded.
You hit the worm but do no damage. You headbutt the worm.
The worm is almost dead.
The worm barely misses you.
You sock the worm!
You kill the worm!
You start resting.
You are near starving!
Are you sure you want to abandon this character and quit the game? (Confirm with "yes".)

#...# ###.#####<......##.##
###...########..##..........##...
..........#.)..###.#._......##.##
.(...........>.# #.#........##...
.....)....#....###.###......#####
###...######.#.#.#..........# #
#...# #.#(...##........# # #...#
#.......#.######## # #...#
#....@....# #
##.###########.############## #
#.......# #..............#
###..####.# #.....#..#####.#
##......##.# #.#...#..#####.###
....>...##.# #.##..............
.#.##.#.##.# #.#####..#####.###
......#.##.#####.#####..#####.#
##.#..........##..............#


There were no monsters in sight!

Vanquished Creatures
  2 adders (D:2)
  An ooze (D:1)
  A worm (D:2)
  2 giant geckos
  An orc (D:2)
  A giant cockroach (D:1)
  5 goblins
  A hobgoblin (D:1)
  4 jackals (D:1)
  8 kobolds
  9 bats
  A giant newt (D:2)
  4 rats (D:1)
40 creatures vanquished.

Notes
Turn   | Place    | Note
--------------------------------------------------------------
     0 | D:1      | urechis the Minotaur Gladiator began the quest for the Orb.
     0 | D:1      | Reached XP level 1. HP: 18/18 MP: 0/0
    36 | D:1      | Reached skill level 4 in Staves
   163 | D:1      | Reached XP level 2. HP: 23/25 MP: 1/1
   398 | D:1      | Reached XP level 3. HP: 15/30 MP: 2/2
   400 | D:1      | Reached skill level 5 in Staves
   759 | D:2      | Found a bloodstained altar of Trog.
  1061 | D:3      | Noticed mrath's ghost (average MfGl)
  1218 | D:2      | Reached XP level 4. HP: 4/38 MP: 3/3
  1398 | D:2      | Quit the game

Vault maps used:
D:1:      dpeg_arrival_renting, item_on_display_a
D:2:      bloody_trog
D:3:      lemuel_crystal_altar, minmay_divided_ellipse

Action                   |  1- 3 |  4- 6 || total
-------------------------+-------+-------++-------
Melee: Quarterstaff      |    79 |     6 ||    85
